 Dungeon Crawl Stone Soup version 0.30-a0-341-g682706514a (webtiles) character file.

Game seed: 17966232716667987477

1624 p00ps00p the Ducker (level 9, -2/65 HPs)
             Began as a Djinni Transmuter on Nov 5, 2022.
             Slain by an orc priest
             ... wielding a +0 club
              (3 damage)
             ... on level 5 of the Dungeon.
             The game lasted 00:13:46 (5481 turns).

p00ps00p the Ducker (Djinni Transmuter)             Turns: 5481, Time: 00:13:49

Health: -2/65      AC:  2    Str:  9    XL:     9   Next: 17%
Gold:   328        EV: 14    Int: 20    God:
                   SH:  0    Dex: 13

rFire   + + .      SeeInvis .    b - +2 dagger (vamp)
rCold   x . .      Faith    .    (no shield)
rNeg    + . .      Spirit   .    a - +0 robe
rPois   ∞          Reflect  .    (no helmet)
rElec   .          Harm     .    (no cloak)
rCorr   .          Rampage  .    (no gloves)
Will    .....                    (boots unavailable)
Stlth   +.........               f - amulet of regeneration
HPRegen 1.10/turn                d - ring of positive energy
MPRegen 0.00/turn                (no ring)

@: flying
A: sickness immunity, fire resistance 2, cold vulnerability 1, float, innate
caster, HP casting, extra vitality 1
a: no special abilities


You were on level 5 of the Dungeon.
You visited 1 branch of the dungeon, and saw 7 of its levels.

You collected 328 gold pieces.

Inventory:

Hand Weapons
 b - a +2 vampiric dagger (weapon)
Missiles
 c - 10 poisoned darts
Armour
 a - a +0 robe (worn)
Jewellery
 d - a ring of positive energy (left hand)
 f - an amulet of regeneration (around neck)
 t - a ring of see invisible
Wands
 o - a wand of light (9)
 s - a wand of paralysis (9)
Scrolls
 i - 4 scrolls of torment
 k - a scroll of enchant armour {unknown}
 l - a scroll of identify
 n - a scroll of butterflies {unknown}
 r - a scroll of teleportation
 u - a scroll of enchant weapon {unknown}
Potions
 e - a potion of flight
 g - 4 potions of curing {unknown}
 h - 2 potions of resistance {unknown}
 j - 3 potions of might {unknown}
 m - a potion of magic {unknown}
 p - 2 potions of brilliance {unknown}
 q - a potion of cancellation {unknown}


   Skills:
 + Level 5.1 Fighting
 + Level 3.4 Short Blades
 + Level 5.9 Dodging
 + Level 5.8 Unarmed Combat
 + Level 4.1 Spellcasting


You couldn't memorise any spells.
You knew the following spells:

 Your Spells              Type           Power      Damage    Failure   Level
a - Beastly Appendage     Tmut           40%        N/A       2%          1
b - Wereblood             Tmut           20%        N/A       3%          2
c - Spider Form           Tmut/Pois      20%        N/A       7%          3
d - Ice Form              Ice/Tmut       20%        N/A       22%         4
e - Foxfire               Conj/Fire      80%        2x1d8     2%          1
f - Call Imp              Summ           20%        N/A       3%          2
g - Stone Arrow           Conj/Erth      40%        3d9       7%          3
h - Swiftness             Air            20%        N/A       7%          3
Your spell library was empty.

Dungeon Overview and Level Annotations

Branches:
Dungeon (7/15)
 Temple: D:4-7

Altars:
Qazlal
Trog
Zin


Innate Abilities, Weirdness & Mutations

You are immune to sickness and miasma.
You are immune to poison.
Your flesh is very heat resistant. (rF++)
You are vulnerable to cold. (rC-)
You float through the air rather than walking.
You learn spells naturally, not from books.
Your magical power is your life essence.
You have superior vitality. (+4 MHP)


Message History

The orc wizard is almost dead.
Casting: Foxfire (safe; 2% risk of failure)
Confirm with . or Enter, or press ? or * to list all spells.
You conjure some foxfire!
The orc priest calls down the wrath of Beogh upon you.
Beogh smites you!
* * * LOW HITPOINT WARNING * * *
The foxfire hits something.
The foxfire hits the orc wizard.
The orc wizard is almost dead.
The orc priest calls down the wrath of Beogh upon you.
Beogh smites you!
* * * LOW HITPOINT WARNING * * *
Aiming: Bolt of Light
Press: ? - help, Q - select action, (/) - cycle Shift-Dir - straight line The orc priest looks encouraged for a moment.
Aiming: Bolt of Light
Press: ? - help, Q - select action, (/) - cycle Shift-Dir - straight line, f - orc wizard
Aim: an orc wizard, wielding a +0 dagger and wearing a +0 robe (almost dead, 64% to hit)
The bolt of light hits the orc wizard.
You kill the orc wizard!
Something barely misses you.
Aiming: Bolt of Light
Press: ? - help, Q - select action, (/) - cycle Shift-Dir - straight line, f - orc priest
Aim: an orc priest, wielding a +0 club and wearing a +0 leather armour (71% to hit)
The bolt of light misses the orc priest.
Something hits you.
* * * LOW HITPOINT WARNING * * *
Deactivating autopickup; reactivate with Ctrl-A.
Aiming: Bolt of Light
Press: ? - help, Q - select action, (/) - cycle Shift-Dir - straight line, f/p - orc priest
Aim: an orc priest, wielding a +0 club and wearing a +0 leather armour (71% to hit)
The bolt of light hits the orc priest!
The orc priest is severely wounded.
The orc priest is blinded.
You hear some strange, mumbled words.
A magic dart appears from out of thin air!
The magic dart hits you!
* * * LOW HITPOINT WARNING * * *
The orc priest hits you with a +0 club.
You die...

##..........#
#...........##
#............#
#............#
##............#
#.............#
#.!...{)o.....#
#......@....#
#..........##
#.....###..#
###### #..##
#..### ###....#
####......##
###..........#
#..())<......#


You could see an orc priest (blind).

Vanquished Creatures
  Grinder (D:3)
  Sigmund (D:3)
  A water moccasin (D:5)
  An ice beast (D:6)
  2 orc warriors
  2 phantoms
  3 bullfrogs (D:6)
  A scorpion (D:5)
  A howler monkey (D:5)
  A hound (D:6)
  A jelly (D:4)
  An orc priest (D:5)
  2 orc wizards (D:5)
  Natasha (thrice) (D:3)
  A gnoll (D:4)
  5 adders
  An ufetubus (D:6)
  2 worms
  2 dart slugs
  9 orcs
  6 bats
  8 endoplasms
  4 giant cockroaches
  9 goblins
  6 hobgoblins
  7 jackals (D:2)
  4 kobolds
  3 quokkas
  7 ball pythons
  2 frilled lizards
  2 rats
99 creatures vanquished.

Vanquished Creatures (collateral kills)
  A scorpion (D:6)
1 creature vanquished.

Vanquished Creatures (others)
  144 foxfires
144 creatures vanquished.

Grand Total: 244 creatures vanquished

Notes
Turn   | Place    | Note
-------+----------+-------------------------------------------
     0 | D:1      | p00ps00p the Djinni Transmuter began the quest for the Orb.
     0 | D:1      | p00ps00p set off with the following spells memorised:
                  | Beastly Appendage, Wereblood, Spider Form, Ice Form.
     0 | D:1      | Reached XP level 1. HP: 17/17 MP: 0/0
   182 | D:1      | Reached XP level 2. HP: 17/22 MP: 0/0
   652 | D:1      | Reached XP level 3. HP: 25/27 MP: 0/0
   652 | D:1      | Learned a level 1 spell: Foxfire
  1498 | D:2      | Reached XP level 4. HP: 28/33 MP: 0/0
  1737 | D:2      | Noticed a phantom
  1757 | D:2      | Killed a phantom
  1758 | D:2      | Reached XP level 5. HP: 32/39 MP: 0/0
  1758 | D:2      | Learned a level 2 spell: Call Imp
  2406 | D:3      | Noticed Sigmund
  2434 | D:3      | Killed Sigmund
  2435 | D:3      | Reached XP level 6. HP: 29/46 MP: 0/0
  2598 | D:3      | Found a glowing silver altar of Zin.
  2601 | D:3      | Found a bloodstained altar of Trog.
  2676 | D:3      | Noticed Grinder
  2688 | D:3      | Paralysed by Grinder for 4 turns
  2711 | D:3      | Paralysed by Grinder for 5 turns
  2718 | D:3      | Paralysed by Grinder for 2 turns
  2723 | D:3      | Killed Grinder
  2724 | D:3      | Reached skill level 1 in Short Blades
  2724 | D:3      | Reached XP level 7. HP: 37/50 MP: 0/0
  2724 | D:3      | Learned a level 3 spell: Stone Arrow
  2805 | D:3      | Noticed Natasha
  2820 | D:3      | Killed Natasha
  3366 | D:3      | Found a faded altar of an unknown god.
  3399 | D:3      | Noticed Natasha
  3404 | D:3      | Killed Natasha
  3465 | D:3      | Noticed Natasha
  3473 | D:3      | Killed Natasha
  4021 | D:4      | You are sucked into a shaft and drop 3 floors!
  4168 | D:6      | Reached XP level 8. HP: 20/58 MP: 0/0
  4297 | D:6      | Reached skill level 5 in Unarmed Combat
  4487 | D:6      | Reached skill level 5 in Dodging
  4642 | D:5      | Entered Level 5 of the Dungeon
  5068 | D:4      | Found a stormy altar of Qazlal.
  5149 | D:4      | Reached XP level 9. HP: 44/64 MP: 0/0
  5149 | D:4      | Learned a level 3 spell: Swiftness
  5312 | D:5      | Reached skill level 5 in Fighting
  5481 | D:5      | HP: 1/65 [something/magic dart (10)]
  5481 | D:5      | Slain by an orc priest

Illustrated notes

Levels and vault maps discovered:
D:1:      denvon_arrival_planthouse, layout_basic, st_stairs_7
D:2:      layout_basic
D:3:      layout_loops_corners, grunt_temple_overflow_open,
          shapermc_ecumenical_altar_petra, minmay_fractal_squares_diagonal_5,
          uniq_natasha, uniq_sigmund, uniq_grinder
D:4:      layout_cave_pools, old_standard_altar, minmay_cupped
D:5:      layout_cave_pods, minmay_misc_feat_roman, uniq_eustachio,
          uniq_crazy_yiuf_cottage
D:6:      layout_basic
D:7:      layout_basic, temple_hall, nicolae_figureground_sparkle

Skill      XL: |  1  2  3  4  5  6  7  8  9 |
---------------+----------------------------+-----
Spellcasting   | 2 3 4 |  4.1
Fighting       | 2 3 4 5 |  5.1
Dodging        | 3 4 5 |  5.9
Unarmed Combat | 4 5 |  5.8
Short Blades   | 1 3 |  3.4

Action                   |  1- 3 |  4- 6 |  7- 9 || total
-------------------------+-------+-------+-------++-------
Melee: Unarmed           |   105 |    79 |       ||   184
       Headbutt          |    15 |    16 |     1 ||    32
       Punch             |       |     4 |     1 ||     5
       Dagger            |       |    36 |    10 ||    46
 Cast: Beastly Appendage |    24 |    13 |     2 ||    39
       Wereblood         |    16 |    13 |     1 ||    30
       Foxfire           |       |       |    82 ||    82
       Stone Arrow       |       |       |    40 ||    40
       Call Imp          |       |       |     2 ||     2
Evoke: Wand              |       |       |     5 ||     5
  Use: Scroll            |     2 |     4 |     2 ||     8
       Potion            |       |     2 |       ||     2
Armor: Robe              |    23 |    13 |     7 ||    43
       Skin              |       |     9 |       ||     9
Dodge: Dodged            |    62 |    62 |    46 ||   170

Table legend: (Time is in decaauts)
 A = Elapsed time spent in this place.
 B = Non-inter-level travel time spent in this place.
 C = Inter-level travel time spent in this place.
 D = Time resting spent in this place.
 E = Time spent auto-exploring this place.
 F = Levels seen in this place.
 G = Mean time per level.
                   A        B        C        D        E       F      G
               +--------+--------+--------+--------+--------+-----+--------+
         Total |   5464 |   5341 |    123 |   1072 |   3202 |   7 |  780.6 |
       Dungeon |   5464 |   5341 |    123 |   1072 |   3202 |   7 |  780.6 |
               +--------+--------+--------+--------+--------+-----+--------+

Top non-repeatable levels by time:
     D:3: 1486 daAuts
     D:2: 1408 daAuts
     D:1: 983 daAuts
     D:6: 612 daAuts
     D:4: 534 daAuts
     D:5: 431 daAuts
     D:7: 7 daAuts
